Map: Frozen Temple

Players

ViBE - Winner!

  • Race: Zerg Zerg
  • League: Grandmaster

Pokebunny

  • Race: Terran Terran
  • League: Grandmaster

VOD

Have the link to the VOD?

Description

Time

  • Played on: April 4, 2016, 10:53 p.m.
  • Length: 7:48
Show
View Real Time Build Order
Export as new Build Order

ViBE Zerg - Winner!

Build Orders: Hatch First 

Get SALT Encoding   

  12  0:00  Drone  
  13  0:14  Overlord  
  13  0:20  Drone  
  14  0:34  Drone x2  
  16  0:38  Drone  
  17  0:53  Hatchery  
  17  0:56  Drone  
  17  1:11  Spawning Pool  
  17  1:13  Drone  
  17  1:17  Drone  
  18  1:22  Drone  
  19  1:29  Extractor  
  19  1:30  Drone  
  19  1:41  Overlord  
  20  1:54  Drone  
  20  1:58  Queen  
  22  2:04  Zergling x2  
  22  2:05  Queen  
  22  2:06  Drone  
  26  2:12  Drone  
  27  2:23  Hatchery  
  26  2:32  Drone x3  
  29  2:39  Metabolic Boost  
  29  2:45  Queen  
  31  2:53  Zergling x2  
  31  2:54  Zergling x4  
  34  3:00  Overlord  
  34  3:09  Zergling x8  
  35  3:16  Zergling x2  
  35  3:17  Zergling x2  
  35  3:18  Overlord  
  36  3:27  Zergling x6  
  36  3:28  Zergling x2  
  40  3:39  Zergling x8  
  43  3:54  Zergling x4  
  41  4:03  Drone x4  
  41  4:04  Drone x3  
  47  4:10  Drone x2  
  47  4:11  Drone  
  50  4:20  Queen  
  50  4:22  Drone x3  
  55  4:27  Lair  
  55  4:36  Drone x2, Extractor  
  55  4:37  Extractor  
  54  4:42  Overlord  
  54  4:43  Queen  
  56  4:55  Overlord x2  
  56  5:12  Drone x4  
  56  5:13  Drone x5  
  65  5:20  Roach Warren  
  62  5:24  Zergling x2  
  62  5:25  Zergling x16  
  66  6:01  Roach x8  
  66  6:03  Glial Reconstitution  
  81  6:04  Overlord  
  81  6:05  Overlord x3  
  81  6:23  Roach  
  81  6:24  Roach x8  
  98  6:49  Overlord x3  
  98  6:56  Infestation Pit  
  98  6:57  Extractor  
  96  7:06  Drone x4  
  96  7:07  Drone x5  
  105  7:26  Drone x5  
  105  7:27  Drone x7  
  117  7:31  Hatchery  
  106  7:48  Extractor  
Show
View Real Time Build Order
Export as new Build Order

Pokebunny Terran 

Build Orders:  

Get SALT Encoding   

  12  0:00  SCV  
  13  0:13  SCV  
  14  0:18  Supply Depot  
  14  0:25  SCV  
  15  0:30  Refinery  
  15  0:40  SCV  
  16  0:45  Barracks  
  16  0:56  SCV  
  17  1:05  Barracks  
  17  1:09  SCV  
  18  1:21  Barracks  
  18  1:33  Reaper  
  18  1:38  Orbital Command  
  19  1:47  Supply Depot  
  19  1:53  Reaper  
  20  1:58  Refinery  
  20  2:04  SCV  
  20  2:08  Reaper  
  22  2:12  Reaper  
  23  2:16  SCV  
  24  2:42  Reaper x2  
  26  2:46  Barracks  
  26  2:47  Barracks  
  26  2:48  Supply Depot  
  26  2:51  Reaper  
  27  3:01  Bunker  
  27  3:14  Reaper x2  
  29  3:26  Reaper  
  30  3:28  SCV  
  31  3:43  Reaper x2  
  33  3:50  Reaper  
  30  4:06  Reaper x2  
  28  4:18  Reaper x2  
  28  4:28  Reaper  
  29  4:37  Supply Depot  
  29  4:39  SCV  
  29  4:40  Command Center  
  30  4:49  Reaper x2  
  32  4:56  Reaper  
  32  4:57  Supply Depot  
  33  5:09  Reaper  
  33  5:13  Reaper  
  35  5:25  Reaper  
  36  5:34  Barracks  
  36  5:41  Reaper  
  36  5:42  SCV  
  34  5:44  Barracks Tech Lab  
  34  5:47  Command Center  
  33  5:56  Marine x2  
  34  5:57  Marine  
  34  6:04  Marine  
  34  6:06  SCV  
  36  6:11  Factory  
  36  6:12  Marine  
  36  6:13  Marine  
  38  6:24  Marine x2  
  39  6:36  Marine x3  
  42  6:40  Marine  
  42  6:43  SCV  
  44  6:48  Orbital Command  
  44  6:53  Marine  
  44  7:02  Bunker  
  44  7:04  Bunker  
  43  7:12  Marine x3  
  46  7:17  Marine x2  
  45  7:30  Marine  
  44  7:42  Barracks Tech Lab  
  44  7:43  Factory Tech Lab  
  39  7:45  Starport  
Tags
 
Add a new tag
Caveats
  • Supply blocks, unpowered buildings, or Contaminate may cause inaccurate times.
  • Supply counts are checked every 10 seconds.